 Dungeon Crawl Stone Soup version 0.21.1-1-g345015fe64 (webtiles) character file.

4871 Naru the Cleaver (level 10, -2/91 HPs)
             Began as a Minotaur Fighter on June 23, 2018.
             Killed from afar by Necrophagist's ghost (19 damage)
             ... with a spray of energy
             ... on level 9 of the Dungeon.
             The game lasted 00:13:31 (8348 turns).

Naru the Cleaver (Minotaur Fighter)                 Turns: 8348, Time: 00:13:31

Health: -2/91      AC: 16    Str: 25    XL:     10   Next: 26%
Magic:  9/9        EV:  6    Int:  5    God:
Gold:   508        SH: 11    Dex: 14    Spells: 9/9 levels left

rFire    . . .     SeeInvis .   v - +5 war axe (curse)
rCold    . . .     Gourm    .   c - +0 shield
rNeg     . . .     Faith    .   r - +0 plate armour
rPois    .         Spirit   .   p - +2 hat
rElec    .         Reflect  .   (no cloak)
rCorr    .         Harm     .   t - +0 pair of gloves
MR       .....                  (no boots)
Stlth    ..........             y - amulet of rage
HPRegen  0.25/turn              a - ring of fire
MPRegen  0.11/turn              b - ring of ice

@: mighty
A: retaliatory headbutt, horns 2
a: Evoke Berserk Rage


You were on level 9 of the Dungeon.
You were not hungry.

You visited 1 branch of the dungeon, and saw 9 of its levels.

You collected 508 gold pieces.

Inventory:

Hand Weapons
 v - a cursed +5 war axe (weapon)
Missiles
 x - 2 throwing nets (quivered)
Armour
 c - a +0 shield (worn)
 p - a +2 hat (worn)
 r - a +0 plate armour (worn)
 t - a +0 pair of gloves (worn)
Jewellery
 a - a ring of fire (left hand)
 b - a ring of ice (right hand)
 e - an uncursed ring of stealth
 y - an amulet of rage (around neck)
Wands
 j - a wand of disintegration (12)
 E - a wand of polymorph (18)
Scrolls
 g - a scroll of amnesia
 h - 5 scrolls of remove curse
 l - 4 scrolls of teleportation
 m - 4 scrolls of identify
 n - 2 scrolls of enchant armour
 o - 3 scrolls of magic mapping
 C - a scroll of enchant weapon {unknown}
Potions
 i - a potion of flight {unknown}
 k - 3 potions of haste
 q - 3 potions of curing
 s - a potion of invisibility
 u - 4 potions of agility
 w - 2 potions of lignification
 A - a potion of mutation {unknown}
 B - a potion of heal wounds {unknown}
 D - a potion of ambrosia {unknown}
Comestibles
 f - 19 rations
 z - 2 chunks of flesh


   Skills:
 * Level 9.0 Fighting
 * Level 13.4 Axes
 + Level 7.1 Armour
 + Level 0.7 Dodging
 + Level 1.1 Stealth
 + Level 6.6 Shields


You had 9 spell levels left.
You didn't know any spells.

Dungeon Overview and Level Annotations

Branches:
Dungeon (9/15)             Temple (0/1) D:5
   Lair: D:8-11         Orc: D:9-12

Altars:
Dithmenos
Elyvilon
Fedhas
Hepliaklqana
Kikubaaqudgha
Makhleb
Nemelex Xobeh

Annotations:
D:9 Necrophagist's ghost, journeyman DECj


Innate Abilities, Weirdness & Mutations

You reflexively headbutt those who attack you in melee.
You have a pair of horns on your head.


Message History

You slash Necrophagist's ghost!
Necrophagist's ghost is heavily damaged.
Necrophagist's ghost casts a spell at you.
The zap hits you!
* * * LOW HITPOINT WARNING * * *
You bump into the rock wall.
Necrophagist's ghost hits you but does no damage.
You closely miss Necrophagist's ghost.
Necrophagist's ghost is heavily damaged.
You feel less confused.
You slice Necrophagist's ghost!!
Necrophagist's ghost is severely damaged.
Necrophagist's ghost gestures at you while chanting.
The magic dart hits you!
You slash Necrophagist's ghost!
Necrophagist's ghost is almost destroyed.
Necrophagist's ghost says very slowly, "There's no hope."
Necrophagist's ghost points at you and mumbles some strange words.
The spray of energy hits you!
You die...

#..... #..........#
#.....#######..........#
#.............######...###
#.............'....#.....#
#........W....#....#.....#
..............#....#.....#
.....########.#....#.....#
..... #W#....#.....# ....
#@#....#.....# .>..
#.######.....# ...
#............#
#............##
#............(#
#.............#
.........รท....#
.........<....#
..............#


You could see Necrophagist's ghost.

Vanquished Creatures
  A two-headed ogre (D:8)
  Pikel (D:5)
  Grinder (D:5)
  A wyvern (D:8)
  Menkaure (D:4)
  Duvessa (D:5)
  An orc warrior (D:7)
  A phantom (D:4)
  2 sky beasts
  4 slaves (D:5)
  2 black bears (D:8)
  4 ogres
  2 centaurs
  3 big kobolds (D:4)
  3 bullfrogs
  Dowan (D:5)
  2 scorpions
  A wyvern skeleton (D:8)
  4 wights (D:7)
  6 howler monkeys
  A bullfrog zombie (D:5)
  A centaur zombie (D:7)
  A crimson imp (D:7)
  3 jellies
  A quasit (D:8)
  A gnoll shaman (D:7)
  2 bullfrog skeletons
  2 hounds
  Jessica (D:2)
  Terence (D:3)
  A centaur skeleton (D:4)
  2 orc wizards
  Natasha (twice) (D:3)
  2 iguanas
  7 worker ants
  2 hound zombies
  A hound skeleton (D:4)
  Robin (D:3)
  8 adders
  9 gnolls
  A shadow imp (D:7)
  An ooze (D:1)
  An adder zombie (D:6)
  An adder skeleton (D:5)
  3 worms
  3 dart slugs
  4 leopard geckos
  13 orcs
  6 giant cockroaches
  11 goblins
  7 hobgoblins
  4 quokkas
  5 bats
  4 frilled lizards
  A giant cockroach zombie (D:6)
  61 kobolds
  2 quokka skeletons
  2 quokka zombies
  8 rats
229 creatures vanquished.

Notes
Turn   | Place    | Note
-------+----------+-------------------------------------------
     0 | D:1      | Naru the Minotaur Fighter began the quest for the Orb.
     0 | D:1      | Reached XP level 1. HP: 19/19 MP: 0/0
   192 | D:1      | Reached XP level 2. HP: 27/27 MP: 1/1
   884 | D:2      | Found a sparkling altar of Nemelex Xobeh.
   895 | D:2      | Noticed Jessica
   901 | D:2      | Reached XP level 3. HP: 16/34 MP: 2/2
   902 | D:2      | Killed Jessica
   902 | D:2      | Reached skill level 3 in Axes
  1142 | D:2      | Reached XP level 4. HP: 40/41 MP: 3/3
  1192 | D:2      | Found a hazy altar of Hepliaklqana.
  1204 | D:2      | Found a blossoming altar of Fedhas.
  1204 | D:2      | Found an ancient bone altar of Kikubaaqudgha.
  1585 | D:2      | You fall through a shaft!
  1695 | D:3      | Noticed Robin
  1707 | D:3      | Killed Robin
  1714 | D:3      | Reached skill level 4 in Axes
  1973 | D:3      | Noticed Terence
  1986 | D:3      | Killed Terence
  1986 | D:3      | Reached XP level 5. HP: 42/47 MP: 4/4
  2193 | D:3      | Noticed Natasha
  2199 | D:3      | Killed Natasha
  2600 | D:3      | Noticed Natasha
  2607 | D:3      | Killed Natasha
  2607 | D:3      | Reached skill level 5 in Axes
  2802 | D:4      | Noticed an ogre
  2814 | D:4      | Killed an ogre
  2814 | D:4      | Reached skill level 6 in Axes
  2814 | D:4      | Reached XP level 6. HP: 33/55 MP: 5/5
  2978 | D:4      | Noticed Menkaure
  2983 | D:4      | Killed Menkaure
  2983 | D:4      | Reached skill level 5 in Fighting
  3048 | D:4      | Reached skill level 7 in Axes
  3048 | D:4      | Reached skill level 5 in Armour
  3048 | D:4      | Reached XP level 7. HP: 59/61 MP: 6/6
  3874 | D:4      | Reached skill level 8 in Axes
  4277 | D:4      | Reached skill level 5 in Shields
  4396 | D:5      | Entered Level 5 of the Dungeon
  4567 | D:5      | Reached XP level 8. HP: 65/70 MP: 7/7
  4642 | D:5      | Noticed Pikel
  4643 | D:5      | Found a staircase to the Ecumenical Temple.
  4649 | D:5      | Reached skill level 9 in Axes
  4675 | D:5      | Killed Pikel
  4675 | D:5      | Reached skill level 10 in Axes
  5104 | D:5      | Noticed Dowan
  5108 | D:5      | Noticed Duvessa
  5114 | D:5      | Killed Duvessa
  5120 | D:5      | Killed Dowan
  5278 | D:5      | Noticed Grinder
  5289 | D:5      | Paralysed by Grinder for 7 turns
  5298 | D:5      | Killed Grinder
  5566 | D:6      | Reached XP level 9. HP: 77/79 MP: 8/8
  5662 | D:6      | Found a burning altar of Makhleb.
  6217 | D:7      | Reached skill level 11 in Axes
  6403 | D:7      | Found a white marble altar of Elyvilon.
  6450 | D:7      | Reached skill level 1 in Stealth
  6627 | D:7      | Reached skill level 12 in Axes
  6922 | D:7      | Found a sparkling altar of Nemelex Xobeh.
  7329 | D:8      | Found a shadowy altar of Dithmenos.
  7434 | D:8      | Noticed a two-headed ogre
  7441 | D:8      | Killed a two-headed ogre
  7441 | D:8      | Reached XP level 10. HP: 79/90 MP: 9/9
  7583 | D:8      | Reached skill level 13 in Axes
  8315 | D:9      | Noticed Necrophagist's ghost (journeyman DECj)
  8348 | D:9      | Killed from afar by Necrophagist's ghost

Skill      XL: |  1  2  3  4  5  6  7  8  9 10 |
---------------+-------------------------------+-----
Fighting       | 4 5 7 8 9 |  9.0
Armour         | 4 5 6 7 |  7.1
Axes           | 3 4 6 7 8 10 12 13 | 13.4
Shields        | 4 5 6 |  6.6
Stealth        | 1 |  1.1
Dodging        | |  0.7

Action                   |  1- 3 |  4- 6 |  7- 9 | 10-12 || total
-------------------------+-------+-------+-------+-------++-------
Melee: War axe           |    55 |   121 |   368 |    49 ||   593
       Headbutt          |    12 |    23 |    82 |    12 ||   129
  Use: Potion            |       |     1 |     3 |     1 ||     5
       Scroll            |       |       |    15 |       ||    15
  Eat: Chunk             |     1 |     6 |     2 |       ||     9
       Ration            |       |       |     4 |     1 ||     5
Armor: Scale mail        |    34 |    15 |       |       ||    49
       Plate armour      |       |    50 |   247 |    25 ||   322
Dodge: Dodged            |    21 |    20 |    54 |     3 ||    98
Block: Shield            |    26 |    50 |   220 |    16 ||   312
